Map: Shrines of Lizul

Players

SourceFour

  • Race: Zerg Zerg
  • Spawn Location: 12:00

CNote

  • Race: Protoss Protoss
  • League: Platinum
  • Spawn Location: 3:00

MonstroTown - Winner!

  • Race: Terran Terran
  • Spawn Location: 9:00

Michael - Winner!

  • Race: Zerg Zerg
  • League: Gold
  • Spawn Location: 6:00

VOD

Have the link to the VOD?

Description

Time

  • Played on: Oct. 6, 2018, 6:48 p.m.
  • Length: 5:11
Show
View Real Time Build Order
Export as new Build Order

SourceFour Zerg 

Build Orders: Pool First 

Get SALT Encoding   

  12  0:02  Drone  
  13  0:09  Drone  
  14  0:28  Spawning Pool  
  14  0:35  Overlord  
  13  0:39  Drone  
  14  1:08  Drone  
  14  1:11  Hatchery  
  14  1:13  Drone  
  14  1:16  Drone  
  16  1:28  Queen  
  16  1:31  Extractor  
  17  1:36  Drone  
  17  1:38  Drone  
  19  1:41  Zergling x2  
  20  1:57  Drone  
  21  2:05  Drone  
  22  2:13  Overlord  
  22  2:18  Extractor  
  21  2:23  Drone  
  21  2:24  Drone  
  21  2:25  Queen  
  21  2:28  Queen  
  27  2:34  Zergling x2  
  28  2:46  Drone x2  
  30  2:53  Metabolic Boost  
  30  2:59  Baneling Nest  
  30  3:00  Drone  
  30  3:01  Drone  
  31  3:08  Drone x2  
  31  3:11  Drone  
  34  3:24  Zergling x2, Spine Crawler  
  34  3:29  Zergling x4  
  30  3:37  Zergling x6  
  29  3:54  Spine Crawler  
  28  3:57  Lair  
  28  4:09  Zergling x4  
  29  4:15  Overlord  
Show
View Real Time Build Order
Export as new Build Order

CNote Protoss 

Build Orders:  

Get SALT Encoding   

  12  0:01  Probe  
  13  0:14  Pylon  
  13  0:18  Probe  
  14  0:30  Probe  
  15  0:37  Gateway  
  15  0:43  Probe  
  16  0:54  Assimilator  
  16  0:55  Probe  
  17  1:02  Pylon  
  17  1:07  Probe  
  18  1:17  Probe  
  18  1:25  Probe, Cybernetics Core  
  19  1:28  Zealot  
  20  1:34  Probe  
  23  1:51  Warp Gate  
  22  1:55  Gateway  
  22  2:03  Adept  
  24  2:09  Probe  
  24  2:12  Gateway  
  25  2:18  Pylon  
  25  2:22  Stalker  
  27  2:43  Stalker  
  29  2:50  Probe, Assimilator  
  30  2:58  Stalker  
  32  3:01  Adept  
  34  3:19  Adept  
  36  3:29  Adept  
  38  3:36  Pylon  
  38  3:37  Pylon  
  40  3:58  Shield Battery  
  40  3:59  Shield Battery  
  38  4:11  Twilight Council  
  38  4:14  Stalker x3  
Show
View Real Time Build Order
Export as new Build Order

MonstroTown Terran - Winner!

Build Orders:  

Get SALT Encoding   

  12  0:01  SCV  
  13  0:13  SCV  
  14  0:18  Supply Depot  
  14  0:25  SCV  
  15  0:40  SCV  
  15  0:41  Barracks  
  16  0:50  Refinery  
  16  0:52  SCV  
  17  1:04  Barracks  
  17  1:08  SCV  
  18  1:16  Supply Depot  
  18  1:26  SCV, Barracks  
  18  1:29  Marine  
  20  1:39  SCV  
  21  1:42  Barracks  
  21  1:54  Marine x2  
  21  2:00  Orbital Command  
  23  2:12  Marine  
  23  2:14  Marine  
  25  2:23  Marine  
  25  2:29  Supply Depot  
  26  2:32  Marine  
  26  2:33  Marine x2  
  28  2:41  Marine  
  29  2:50  Marine  
  29  2:51  Marine x2  
  32  2:59  Supply Depot, Marine  
  33  3:08  Marine x2  
  33  3:09  Marine  
  36  3:17  Marine  
  37  3:26  Marine x2  
  39  3:27  Marine  
  40  3:35  Marine  
  41  3:44  Marine x2  
  41  3:45  Marine  
  44  3:50  Command Center  
  44  3:54  Marine  
  45  3:57  Refinery  
  45  4:01  Marine, Refinery  
  46  4:29  Marine  
  46  4:30  Marine x2  
  47  4:31  Marine  
  47  4:38  SCV  
  36  4:47  Marine  
  36  4:50  SCV  
  37  5:04  Factory  
  39  5:09  Engineering Bay  
Show
View Real Time Build Order
Export as new Build Order

Michael Zerg - Winner!

Build Orders: Pool First 

Get SALT Encoding   

  12  0:01  Drone  
  13  0:13  Overlord  
  13  0:18  Drone  
  14  0:31  Drone x2  
  14  0:35  Drone  
  17  0:38  Extractor  
  16  0:48  Spawning Pool  
  15  0:54  Drone  
  16  0:57  Drone  
  17  1:07  Drone  
  18  1:29  Hatchery  
  18  1:30  Drone  
  18  1:41  Queen  
  18  1:46  Zergling x2  
  21  1:53  Overlord  
  21  2:01  Metabolic Boost  
  21  2:10  Zergling x2  
  22  2:25  Queen  
  22  2:29  Zergling x6  
  27  2:40  Zergling x2  
  28  2:49  Zergling x2  
  29  3:00  Zergling x2  
  29  3:01  Zergling x8  
  33  3:09  Zergling x4  
  36  3:41  Zergling x2  
  36  3:55  Overlord x2  
  36  3:58  Lair  
  36  4:02  Roach Warren  
  33  4:11  Drone x2  
  34  4:24  Hatchery  
  32  4:25  Drone  
  32  4:26  Drone x3  
  35  4:34  Drone  
  35  4:35  Drone  
  35  4:36  Extractor  
  36  4:39  Drone  
  36  4:43  Drone  
  37  4:47  Drone  
Tags
 
Add a new tag
Caveats
  • Supply blocks, unpowered buildings, or Contaminate may cause inaccurate times.
  • Supply counts are checked every 10 seconds.